 Dungeon Crawl Stone Soup version 0.31.0-11-ge490571c62 (webtiles) character file.

Game seed: 17765416578243277227

983 qw the Skirmisher (level 7, 0/40 HPs)
             Began as a Deep Elf Hunter on Feb 4, 2024.
             Slain by a gnoll
             ... wielding a +0 halberd
             ... led by a gnoll bouda
              (12 damage)
             ... on level 6 of the Dungeon.
             The game lasted 00:00:21 (4483 turns).

qw the Skirmisher (Deep Elf Hunter)                 Turns: 4483, Time: 00:00:21

Health: 0/40       AC:  7    Str: 16    XL:     7   Next: 96%
Magic:  9/9        EV: 11    Int: 14    God:
Gold:   127        SH:  0    Dex: 18    Spells: 6/6 levels left

rFire   . . .        h - +1 orcbow (heavy)
rCold   . . .        (shield currently unavailable)
rNeg    . . .        o - +0 scale mail
rPois   .            (no helmet)
rElec   .            (no cloak)
rCorr   .            d - +0 pair of gloves
SInv    +            (no boots)
Will    .....        (no amulet)
Stlth   +            f - +6 ring of strength
HPRegen 0.26/turn    n - ring of see invisible
MPRegen 0.11/turn

%: no passive effects
@: no status effects
A: no striking features
a: no special abilities


You were on level 6 of the Dungeon.
You visited 2 branches of the dungeon, and saw 7 of its levels.

You collected 232 gold pieces.
You spent 105 gold pieces at shops.


   Skills:
 - Level 2.3 Fighting
 + Level 11.9 Ranged Weapons
 - Level 2.0 Armour
 - Level 3.4 Dodging
 - Level 1.2 Stealth


You had 6 spell levels left.
You didn't know any spells.
Your spell library was empty.

Inventory:

Hand Weapons
 h - a +1 heavy orcbow (weapon)
Armour
 b - a +1 robe of fire resistance
 d - a +0 pair of gloves (worn)
 o - a +0 scale mail (worn)
Jewellery
 f - a +6 ring of strength (left hand)
 n - a ring of see invisible (right hand)
Potions
 a - 2 potions of might
 c - a potion of ambrosia {unknown}
 e - 4 potions of curing
 g - a potion of enlightenment
 k - a potion of mutation
 l - a potion of haste {unknown}

Dungeon Overview and Level Annotations

Branches:
Dungeon (6/15)             Temple (1/1) D:5

Altars:
Ashenzari
Cheibriados
Elyvilon
Fedhas
Hepliaklqana
Kikubaaqudgha
Makhleb
Ru
Sif Muna
Xom
Zin

Shops:
D:2 ==(:[   D:3 [   D:4 ([:


Message History

The gnoll bouda shouts!
The arrow hits the gnoll!
You kill the gnoll!
A gnoll comes into view. It is wielding a +0 halberd.
You shoot an arrow. The arrow hits the gnoll!!
You kill the gnoll!
A gnoll comes into view.
It is wielding a +0 club and quivering a throwing net.
A gnoll comes into view. It is wielding a +0 flail.
You shoot an arrow. The arrow hits the gnoll bouda!!
You kill the gnoll bouda!
You shoot an arrow. The arrow closely misses the gnoll.
The arrow hits the gnoll!!
You kill the gnoll!
You shoot an arrow. The arrow hits the gnoll!
The gnoll is heavily wounded.
The gnoll closely misses you.
You shoot an arrow. The arrow hits the gnoll.
The gnoll is severely wounded.
The gnoll hits you from afar with a +0 halberd! x2
The gnoll hits you with a +0 club.
You shoot an arrow. The arrow hits the gnoll.
The gnoll is lightly wounded.
The gnoll closely misses you. The gnoll misses you.
The gnoll hits you from afar with a +0 halberd.
The gnoll hits you with a +0 club.
You shoot an arrow. The arrow hits the gnoll!
You kill the gnoll!
The gnoll closely misses you.
You shoot an arrow. The arrow barely misses the gnoll.
A hound comes into view.
The gnoll hits you from afar with a +0 halberd!
The gnoll hits you but does no damage.
The hound moves out of view.
4481 ||| DRINKING potion of heal wounds.
You feel much better.
The gnoll hits you from afar with a +0 halberd!
You shoot an arrow. The arrow barely misses the gnoll.
The gnoll closely misses you.
You shoot an arrow. The arrow barely misses the gnoll.
The gnoll hits you from afar with a +0 halberd!
You die...

## #.##.#
######>##.#
#...<..##.#
#########.##
#...# #...#
####...####
#.........#
#......@..#
#........)..#
#........g..#
#..###.###..#
##. #. ).# #
#. .)# .. )#
# .#


You could see a gnoll.

Vanquished Creatures
  A water moccasin (D:5)
  A black bear (D:4)
  An ogre (D:5)
  A centaur (D:5)
  Blork the orc (D:4)
  A scorpion (D:4)
  A gnoll bouda (D:6)
  4 hounds
  2 orc priests
  A sleepcap (D:5)
  An iguana (D:5)
  7 gnolls
  An adder (D:5)
  2 river rats (D:4)
  2 ufetubi (D:5)
  2 dart slugs
  A ribbon worm (D:2)
  11 orcs
  13 endoplasms
  7 giant cockroaches
  9 hobgoblins
  7 kobolds
  3 quokkas
  9 ball pythons
  18 bats
  A frilled lizard (D:2)
  7 goblins
  7 rats
122 creatures vanquished.

Notes
Turn   | Place    | Note
-------+----------+-------------------------------------------
     0 | D:1      | qw the Deep Elf Hunter began the quest for the Orb.
     0 | D:1      | Reached XP level 1. HP: 12/12 MP: 3/3
     0 | D:1      | 0 ||| qw: Version: 0.3-a-160-g6735b56
     0 | D:1      | 0 ||| qw: Game counter: 4537
     0 | D:1      | 0 ||| qw: Melee chars always use a shield: true
     0 | D:1      | 0 ||| qw: God list: Okawaru
     0 | D:1      | 0 ||| qw: Allow faded altars: false
     0 | D:1      | 0 ||| qw: Do Orc after clearing Dungeon:15 true
     0 | D:1      | 0 ||| qw: Do second Lair branch before Depths: true
     0 | D:1      | 0 ||| qw: Lair rune preference: random
     0 | D:1      | 0 ||| qw: Goals: Normal
     0 | D:1      | 0 ||| PLANNING D:1-11
   260 | D:1      | Reached skill level 6 in Ranged Weapons
   260 | D:1      | Reached XP level 2. HP: 16/16 MP: 4/4
   322 | D:1      | Found a faded altar of an unknown god.
   493 | D:1      | Reached XP level 3. HP: 20/20 MP: 5/5
   663 | D:1      | 663 ||| READING scroll labelled UBLOWO VUOZO.
   663 | D:1      | 663 ||| ENCHANTING +0 shortbow.
   664 | D:1      | 664 ||| READING 2 scrolls labelled UNOLOA FIUWKO.
   667 | D:1      | 667 ||| READING scroll labelled KOPTYA APPEPN.
   667 | D:1      | 667 ||| IDENTIFYING lumpy orange potion
   668 | D:1      | 668 ||| READING scroll labelled KOSAIPNUOC.
   669 | D:1      | 669 ||| READING scroll labelled QIANOULI OTSAOQ.
   670 | D:1      | 670 ||| DRINKING 3 sapphire potions.
   671 | D:1      | 671 ||| DRINKING 2 glowing white potions.
   672 | D:1      | 672 ||| DROPPING scroll of butterflies.
   673 | D:1      | 673 ||| DROPPING potion of invisibility.
   675 | D:1      | 675 ||| Stepping ~*~*~tactically~*~*~ (cloud).
   681 | D:1      | HP: 5/20 [poisoned by you (poison gas)]
   767 | D:2      | Found Fannawk's Armour Emporium.
   776 | D:2      | 776 ||| SHOPLISTING +0 leather armour of cold resistance
                  | (99 gold, have 62).
   776 | D:2      | 776 ||| BUYING +0 pair of gloves (49 gold).
   776 | D:2      | Bought a +0 pair of gloves for 49 gold pieces
   776 | D:2      | 776 ||| SHOPLISTING +0 ring mail (44 gold, have 13).
   776 | D:2      | 776 ||| SHOPLISTING +1 robe of cold resistance (139 gold,
                  | have 13).
   776 | D:2      | 776 ||| SHOPLISTING +4 ring mail of poison resistance (308
                  | gold, have 13).
   826 | D:2      | 826 ||| SWAPPING to +0 orcbow.
   830 | D:2      | 830 ||| DROPPING +1 shortbow.
   831 | D:2      | Found Miriseos's Weapon Shoppe.
   837 | D:2      | 837 ||| SHOPLISTING +2 arbalest of freezing (241 gold, have
                  | 23).
   893 | D:2      | Found Huucudi's Jewellery Shop.
   901 | D:2      | 901 ||| SHOPLISTING +4 ring of protection (396 gold, have
                  | 50).
   901 | D:2      | 901 ||| SHOPLISTING +6 ring of dexterity (396 gold, have
                  | 50).
   901 | D:2      | 901 ||| SHOPLISTING +6 ring of strength (396 gold, have
                  | 50).
   901 | D:2      | 901 ||| SHOPLISTING ring of poison resistance (220 gold,
                  | have 50).
   901 | D:2      | 901 ||| SHOPLISTING ring of positive energy (220 gold, have
                  | 50).
   901 | D:2      | 901 ||| SHOPLISTING ring of protection from fire (275 gold,
                  | have 50).
   916 | D:2      | Reached skill level 7 in Ranged Weapons
   917 | D:2      | 917 ||| FLEEEEING.
   918 | D:2      | 918 ||| FLEEEEING.
   919 | D:2      | 919 ||| FLEEEEING.
   920 | D:2      | 920 ||| FLEEEEING.
   921 | D:2      | 921 ||| FLEEEEING.
   926 | D:2      | Reached XP level 4. HP: 14/25 MP: 6/6
  1172 | D:2      | Found Zaoth's Book Boutique.
  1332 | D:2      | Found Pacvueke's Jewellery Shop.
  1336 | D:2      | 1336 ||| SHOPLISTING +5 ring of evasion (432 gold, have
                  | 67).
  1336 | D:2      | 1336 ||| SHOPLISTING amulet of the acrobat (360 gold, have
                  | 67).
  1336 | D:2      | 1336 ||| SHOPLISTING ring of Awe {rC+ Str+4 Stlth-} (468
                  | gold, have 67).
  1336 | D:2      | 1336 ||| SHOPLISTING ring of positive energy (240 gold,
                  | have 67).
  1336 | D:2      | 1336 ||| SHOPLISTING ring of see invisible (180 gold, have
                  | 67).
  1356 | D:2      | 1356 ||| UPGRADING to +0 pair of gloves.
  1361 | D:2      | 1361 ||| READING scroll of identify.
  1361 | D:2      | 1361 ||| IDENTIFYING coppery potion
  1362 | D:2      | 1362 ||| READING 2 scrolls labelled XICROQ WOECVAE.
  1363 | D:2      | 1363 ||| READING scroll labelled KOSKYDATER.
  1364 | D:2      | 1364 ||| DROPPING scroll of noise.
  1409 | D:3      | Found Zageg's Antique Armour Boutique.
  1414 | D:3      | 1414 ||| STAIRDANCE
  1508 | D:3      | 1508 ||| SHOPLISTING glowing leather armour (130 gold, have
                  | 67).
  1508 | D:3      | 1508 ||| SHOPLISTING glowing robe (96 gold, have 67).
  1508 | D:3      | 1508 ||| SHOPLISTING pair of embroidered gloves (195 gold,
                  | have 67).
  1508 | D:3      | 1508 ||| SHOPLISTING twisted ring mail (234 gold, have 67).
  1612 | D:3      | Reached skill level 8 in Ranged Weapons
  1627 | D:3      | Reached XP level 5. HP: 13/29 MP: 7/7
  1713 | D:3      | Found a shimmering altar of Xom.
  1861 | D:3      | Found a glowing silver altar of Zin.
  2037 | D:3      | 2037 ||| READING scroll labelled ESMYNKE LISA.
  2038 | D:3      | 2038 ||| READING scroll labelled JOUJAMYBRI.
  2139 | D:3      | 2139 ||| READING scroll labelled DABUCO JERUI.
  2168 | D:4      | Found Degeluut's Book Shop.
  2168 | D:4      | Found Ystaugipaps's Armour Shop.
  2168 | D:4      | Found Sauzecog's Weapon Shop.
  2169 | D:4      | 2169 ||| PLANNING SEWER
  2250 | D:4      | Noticed a black bear
  2253 | D:4      | HP: 7/29 [black bear (4)]
  2254 | D:4      | 2254 ||| READING scroll of teleportation.
  2255 | D:4      | Killed a black bear
  2256 | D:4      | Reached skill level 9 in Ranged Weapons
  2515 | D:4      | Reached skill level 3 in Dodging
  2515 | D:4      | Reached XP level 6. HP: 34/34 MP: 8/8
  2529 | D:4      | Noticed Blork the orc
  2537 | D:4      | Killed Blork the orc
  2674 | D:4      | 2674 ||| BUYING +0 scale mail (56 gold).
  2674 | D:4      | Bought a +0 scale mail for 56 gold pieces
  2674 | D:4      | 2674 ||| SHOPLISTING +2 pair of gloves of strength (301
                  | gold, have 53).
  2696 | D:4      | Found a blossoming altar of Fedhas.
  2737 | D:4      | 2737 ||| DRINKING 4 potions of curing.
  2737 | D:4      | 2737 ||| (to cure confusion)
  2746 | D:4      | Reached skill level 10 in Ranged Weapons
  2746 | D:4      | 2746 ||| FLEEEEING.
  2747 | D:4      | 2747 ||| FLEEEEING.
  2747 | D:4      | HP: 9/36 [poisoned by a scorpion]
  2748 | D:4      | 2748 ||| FLEEEEING.
  2749 | D:4      | 2749 ||| FLEEEEING.
  2750 | D:4      | 2750 ||| FLEEEEING.
  2751 | D:4      | 2751 ||| FLEEEEING.
  2752 | D:4      | 2752 ||| FLEEEEING.
  2754 | D:4      | 2754 ||| FLEEEEING.
  2755 | D:4      | 2755 ||| FLEEEEING.
  2756 | D:4      | 2756 ||| READING scroll of teleportation.
  3054 | D:4      | 3054 ||| RIP SEWER
  3054 | D:4      | 3054 ||| PLANNING D:1-11
  3207 | D:4      | 3207 ||| UPGRADING to +1 robe of fire resistance.
  3217 | D:4      | 3217 ||| DROPPING +0 leather armour.
  3218 | D:4      | 3218 ||| UPGRADING to +0 scale mail.
  3228 | D:4      | 3228 ||| UPGRADING to +6 ring of strength.
  3229 | D:4      | 3229 ||| UPGRADING to ring of see invisible.
  3230 | D:4      | 3230 ||| READING scroll of identify.
  3230 | D:4      | 3230 ||| IDENTIFYING dark potion
  3231 | D:4      | 3231 ||| READING scroll labelled WACEZUC BYRPH.
  3232 | D:4      | 3232 ||| DROPPING potion of degeneration.
  3277 | D:5      | Entered Level 5 of the Dungeon
  3351 | D:5      | Noticed a water moccasin
  3356 | D:5      | Killed a water moccasin
  3357 | D:5      | Reached XP level 7. HP: 33/40 MP: 9/9
  3596 | D:5      | Identified the +2 mace of Fofoare {holy, Fly Str+9 Int-5}
  3698 | D:5      | 3698 ||| READING 2 scrolls of identify.
  3698 | D:5      | 3698 ||| IDENTIFYING inky potion
  3699 | D:5      | 3699 ||| READING scroll of identify.
  3699 | D:5      | 3699 ||| IDENTIFYING fuming pink potion
  3700 | D:5      | 3700 ||| READING scroll labelled BEDEUB BAEV.
  3700 | D:5      | 3700 ||| BRANDING +0 orcbow.
  3710 | D:4      | 3710 ||| Stepping randomly (stuck).
  3720 | D:5      | Reached skill level 11 in Ranged Weapons
  3845 | D:5      | Found a staircase to the Ecumenical Temple.
  3846 | D:5      | 3846 ||| PLANNING TEMPLE
  3854 | Temple   | Entered the Ecumenical Temple
  3855 | Temple   | 3855 ||| PLANNING D:1-11
  3910 | D:4      | 3910 ||| Stepping randomly (stuck).
  3977 | D:5      | Found a broken altar of Ashenzari.
  4225 | D:5      | Found a sacrificial altar of Ru.
  4284 | D:5      | 4284 ||| READING scroll of enchant weapon.
  4284 | D:5      | 4284 ||| ENCHANTING +0 heavy orcbow.
  4420 | D:5      | 4420 ||| READING scroll of identify.
  4420 | D:5      | 4420 ||| IDENTIFYING metallic dark potion
  4421 | D:5      | 4421 ||| DROPPING potion of brilliance.
  4480 | D:6      | HP: 9/40 [gnoll/+0 halberd[a gnoll bouda] (7)]
  4481 | D:6      | 4481 ||| DRINKING potion of heal wounds.
  4483 | D:6      | Slain by a gnoll

Levels and vault maps discovered:
D:1:      dpeg_arrival_snail, layout_basic, ebering_ecumenical_altar_rust,
          minmay_pentomino_u4
D:2:      layout_basic, serial_shops, nicolae_shop_window_shopping,
          nicolae_shop_back_alley_shop, nicolae_shop_crystal, shop, shop
D:3:      layout_rooms, mainiacjoe_overflow_alcove_4,
          mainiacjoe_overflow_alcove_2, serial_shops, nicolae_shop_waterfront,
          hangedman_decor_push, grunt_decor_cap, minmay_misc_feat_doors
D:4:      layout_loops_ring, nicolae_overflow_crystal_walls,
          portal_sewer_entry_e, nicolae_shop_distant_corner_stores,
          uniq_blork_the_orc
D:5:      layout_loops_corners, kennysheep_little_box, nicolae_ru_awakened_eye,
          minmay_temple_entry_junction
D:6:      kennysheep_windowed_halls, layout_loops_cross, lemuel_tele_altar,
          hangedman_abyss_or_decor_jellyfish_corner, minmay_misc_feat_roman,
          nicolae_kite_square_tiling_tiny, nicolae_elevator_lobby_asterisk
Temple:   hellmonk_temple_rainy

Skill      XL: |  1  2  3  4  5  6  7 |
---------------+----------------------+-----
Ranged Weapons | 6 7 8 9 10 11 | 11.9
Dodging        | 3 |  3.4
Fighting       | 2 |  2.3
Armour         | 2 |  2.0
Stealth        | |  1.2

Action                     |  1- 3 |  4- 6 |  7- 9 || total
---------------------------+-------+-------+-------++-------
   Fire: Shortbow          |    73 |       |       ||    73
         Orcbow            |    17 |   182 |    49 ||   248
    Use: Scroll            |     5 |    10 |     5 ||    20
         Potion            |     2 |     1 |     1 ||     4
 Armour: Leather armour    |    11 |    49 |       ||    60
         Scale mail        |       |     3 |    44 ||    47
  Dodge: Dodged            |    23 |    46 |    27 ||    96

Table legend:
 A = Non-vault XP
 B = Vault XP
 C = Vault XP percentage of total XP
 D = Non-vault monster count
 E = Vault monster count
 F = Vault count percentage of total count
                 A         B        C        D         E       F
            +---------+---------+-------+---------+---------+-------
      Total |    1273 |     132 |   9.4 |     110 |      12 |   9.8
            +---------+---------+-------+---------+---------+-------
        D:1 |      44 |       4 |   8.3 |      26 |       3 |  10.3
        D:2 |      79 |       0 |   0.0 |      22 |       0 |   0.0
        D:3 |      87 |       0 |   0.0 |      22 |       0 |   0.0
        D:4 |     368 |     128 |  25.8 |      21 |       9 |  30.0
        D:5 |     598 |       0 |   0.0 |      14 |       0 |   0.0
        D:6 |      97 |       0 |   0.0 |       5 |       0 |   0.0
            +---------+---------+-------+---------+---------+-------
